 Dungeon Crawl Stone Soup version 0.29.0-13-gc9e81de378 (webtiles) character file.

Game seed: 16464400521872159027

1092 mortz the Sneak (level 8, -1/43 HPs)
             Began as a Kobold Conjurer on Sept 10, 2022.
             Was an Initiate of Dithmenos.
             Succumbed to a hornet's poison
             ... on level 6 of the Dungeon.
             The game lasted 00:32:22 (7962 turns).

mortz the Sneak (Kobold Conjurer)                   Turns: 7962, Time: 00:32:22

Health: -1/43      AC:  4    Str:  2    XL:     8   Next: 56%
Magic:  6/15       EV: 20    Int: 22    God:    Dithmenos [......]
Gold:   292        SH:  5    Dex: 19    Spells: 6/16 levels left

rFire   . . .      SeeInvis .   c - +1 dagger (speed)
rCold   . . .      Faith    .   (no shield)
rNeg    . . .      Spirit   .   a - +1 robe
rPois   .          Reflect  +   q - +2 hat
rElec   .          Harm     .   (no cloak)
rCorr   .          Rampage  .   (no gloves)
Will    .....                   (no boots)
Stlth   +++++.....              j - amulet of reflection
HPRegen 0.14/turn               t - +6 ring of dexterity
MPRegen 0.14/turn               l - +4 ring of evasion

@: lethally poisoned (-1 -> -11), slowed, very slow
A: small, no large weapons, nightstalker 3, hooves 1, deformed body, weak 1
a: Renounce Religion


You were on level 6 of the Dungeon.
You worshipped Dithmenos.
Dithmenos was noncommittal.
You visited 2 branches of the dungeon, and saw 7 of its levels.

You collected 292 gold pieces.

Inventory:

Hand Weapons
 c - a +1 dagger of speed (weapon)
 g - a +1 dagger
 h - a +0 hand axe
 o - a +1 dagger of protection
Armour
 a - a +1 robe (worn)
 f - a +0 leather armour
 n - a +0 helmet
 q - a +2 hat (worn)
Jewellery
 j - an amulet of reflection (around neck)
 l - a +4 ring of evasion (right hand)
 t - a +6 ring of dexterity (left hand)
Wands
 w - a wand of digging (9)
Scrolls
 d - a scroll of brand weapon {unknown}
 e - a scroll of fear {unknown}
 p - a scroll of enchant armour
 r - 2 scrolls of teleportation
 s - a scroll of blinking
 v - a scroll of fog {unknown}
Potions
 b - a potion of magic
 i - 2 potions of lignification
 k - a potion of might {unknown}
 m - a potion of mutation
 u - a potion of invisibility {unknown}


   Skills:
 + Level 1.0 Fighting
 + Level 2.3 Short Blades
 - Level 0.1 Maces & Flails
 + Level 3.3 Dodging
 + Level 7.8 Stealth
 + Level 0.3 Shields
 * Level 4.9 Spellcasting
 * Level 5.8 Conjurations
 * Level 1.3 Translocations
 * Level 2.0 Air Magic
 * Level 2.1 Poison Magic


You had 6 spell levels left.
You knew the following spells:

 Your Spells              Type           Power      Damage    Failure   Level
a - Magic Dart            Conj           100%       1d8       1%          1
b - Searing Ray           Conj           62%        2d6       1%          2
c - Iskenderun's Mystic   Conj/Tloc      21%        2d6       22%         4
d - Poisonous Vapours     Pois/Air       28%        N/A       7%          2
e - Summon Small Mammal   Summ           20%        N/A       11%         1

Your spell library contained the following spells:

 Spells                   Type           Power      Damage    Failure   Level
 Sting                    Tmut/Pois      40%        1d5       7%          1
 Dazzling Flash           Conj/Hex       36%        N/A       10%         3
 Gell's Gravitas          Tloc           11%        N/A       17%         3
 Lesser Beckoning         Tloc           11%        N/A       17%         3
 Teleport Other           Tloc           11%        N/A       17%         3
 Call Canine Familiar     Summ           5%         N/A       30%         3
 Summon Guardian Golem    Hex/Summ       5%         N/A       30%         3
 Fulminant Prism          Conj/Hex       9%         3d7       30%         4
 Olgreb's Toxic Radiance  Pois           14%        N/A       38%         4
 Corpse Rot               Necr/Pois/Air  11%        N/A       50%         4


Dungeon Overview and Level Annotations

Branches:
Dungeon (6/15) Zot: 26221  Temple (1/1) D:5 Zot: 5926

Altars:
Ashenzari
Cheibriados
Dithmenos
Elyvilon
Fedhas
Gozag
Hepliaklqana
Kikubaaqudgha
Okawaru
Qazlal
Ru
Sif Muna
Trog
Uskayaw
Vehumet
Wu Jian
Yredelemnul
Zin
The Shining One

Annotations:
D:3 1 runed translucent door, 1 exclusion, Crazy Yiuf


Innate Abilities, Weirdness & Mutations

You are small and have problems with some larger weapons.
You are completely attuned to the shadows.
You have large cloven feet.
Armour fits poorly on your strangely shaped body.
You are weak. (Str -2)


Message History

Press: ? - help, Dir - move target, f/p - hornet
Aim: a hornet (lightly wounded, poisoned) Poisonous vapours surround the hornet!
The hornet looks even sicker.
The hornet stings you!
You are poisoned.
You feel yourself slow down. The hornet barely misses you.
Casting: Poisonous Vapours (safe; 7% risk of failure)
Confirm with . or Enter, or press ? or * to list all spells.
Aiming: Searing Ray (safe; 1% risk of failure)
Press: ? - help, Shift-Dir - straight line, f/p - hornet
Aim: a hornet (lightly wounded, very poisoned, 69% to hit)
The searing ray misses the hornet. (Press . to maintain the ray.)
You feel very sick. The hornet completely misses you. The hornet misses you.
The searing ray hits the hornet!
The hornet is heavily wounded.
You feel yourself speed up.
You feel very sick. The hornet stings you!
You feel yourself slow down. The hornet barely misses you.
The searing ray hits the hornet but does no damage.
The hornet is heavily wounded.
You feel sick. The hornet stings you!
* * * LOW HITPOINT WARNING * * *
You are more poisoned.
You suddenly lose the ability to move!
The hornet stings you.
* * * LOW HITPOINT WARNING * * *
You feel as though you will be slow longer.
The hornet barely misses you.
You can move again.
You feel better. You block the hornet's attack. The hornet stings you.
* * * LOW HITPOINT WARNING * * *
You are lethally poisoned!
You feel as though you will be slow longer.
Your magical contamination has completely faded away.
Okay, then.
It was a potion of mutation.
You feel extremely strange.
You feel weaker.
Your body twists and deforms.
Your feet thicken and deform.
You die...

####.(........#..#
.....#..#####...##
.#####...####...#
## ###...#..#.#
#........#
##.#..#.##
#.......##
##.......##
##.......@.#
##........y.#
#...........#
#.#.........#
#######.#.........#
..................
######...........
##......#...
.#......#...


You could see a hornet (poisoned).

Vanquished Creatures
  A centaur (D:6)
  3 phantoms
  3 scorpions
  A hound (D:6)
  3 orc priests
  A gnoll bouda (D:4)
  A jelly (D:5)
  An iguana (D:6)
  Jessica (D:2)
  4 orc wizards
  Robin (D:2)
  6 gnolls
  7 adders
  2 white imps (D:6)
  4 worms
  3 dart slugs
  16 orcs
  10 endoplasms
  A giant cockroach (D:4)
  20 goblins
  9 hobgoblins
  9 jackals
  2 quokkas
  5 ball pythons
  5 bats
  2 frilled lizards (D:1)
  4 kobolds
  4 rats
129 creatures vanquished.

Notes
Turn   | Place    | Note
-------+----------+-------------------------------------------
     0 | D:1      | mortz the Kobold Conjurer began the quest for the Orb.
     0 | D:1      | Reached XP level 1. HP: 10/10 MP: 3/3
   233 | D:1      | Reached XP level 2. HP: 15/15 MP: 0/5
   236 | D:1      | Learned a level 2 spell: Searing Ray
   664 | D:1      | Reached XP level 3. HP: 19/19 MP: 3/6
  1091 | D:1      | Reached skill level 3 in Stealth
  1250 | D:1      | Found a faded altar of an unknown god.
  1414 | D:2      | Noticed Robin
  1419 | D:2      | Killed Robin
  1420 | D:2      | Reached XP level 4. HP: 21/24 MP: 1/7
  1818 | D:2      | Reached skill level 4 in Stealth
  2393 | D:2      | Noticed Jessica
  2397 | D:2      | Killed Jessica
  2398 | D:2      | Reached XP level 5. HP: 25/28 MP: 3/9
  3177 | D:3      | Reached skill level 5 in Stealth
  3757 | D:3      | Found a runed translucent door.
  3760 | D:3      | Noticed Crazy Yiuf
  4374 | D:4      | Noticed a phantom
  4935 | D:4      | Reached skill level 1 in Short Blades
  4936 | D:4      | Reached skill level 5 in Conjurations
  4936 | D:4      | Reached XP level 6. HP: 12/33 MP: 0/10
  5201 | D:4      | You fall into a shaft and drop 1 floor!
  5201 | D:5      | Entered Level 5 of the Dungeon
  5235 | D:5      | Reached skill level 6 in Stealth
  5552 | D:4      | Reached XP level 7. HP: 35/37 MP: 4/11
  5708 | D:3      | Learned a level 4 spell: Iskenderun's Mystic Blast
  5711 | D:3      | Learned a level 2 spell: Poisonous Vapours
  5742 | D:4      | Reached skill level 7 in Stealth
  6260 | D:5      | Found a staircase to the Ecumenical Temple.
  6364 | Temple   | Entered the Ecumenical Temple
  6424 | Temple   | Became a worshipper of Dithmenos the Shadowed
  6636 | D:5      | Reached skill level 1 in Poison Magic
  6970 | D:5      | Reached skill level 1 in Air Magic
  7146 | D:5      | Reached XP level 8. HP: 42/42 MP: 8/13
  7247 | D:6      | Noticed a hornet
  7335 | D:6      | Reached skill level 1 in Fighting
  7335 | D:6      | Reached skill level 1 in Translocations
  7788 | D:6      | Learned a level 1 spell: Summon Small Mammal
  7960 | D:6      | Paralysed by a hornet for 1 turns
  7960 | D:6      | HP: 2/43 [hornet (3)]
  7962 | D:6      | Gained mutation: You are weak. (Str -2) [potion of
                  | mutation]
  7962 | D:6      | Gained mutation: Armour fits poorly on your strangely
                  | shaped body. [potion of mutation]
  7962 | D:6      | Gained mutation: You have large cloven feet. [potion of
                  | mutation]
  7962 | D:6      | Succumbed to a hornet's poison

Illustrated notes

Levels and vault maps discovered:
D:1:      matt_arrival_grand_opening, layout_loops_ring,
          shapermc_ecumenical_altar_venn, grunt_decor_mini_mirrors,
          grunt_decor_fettered, st_stairs_14
D:2:      minmay_door_path, layout_loops_corners, uniq_jessica, uniq_robin
D:3:      layout_basic, uniq_crazy_yiuf_cottage
D:4:      layout_loops_ring
D:5:      layout_rooms, minmay_temple_entry_junction_2, grunt_tough_drop
D:6:      layout_rooms
Temple:   hellmonk_temple_of_storms

Skill      XL: |  1  2  3  4  5  6  7  8 |
---------------+-------------------------+-----
Stealth        | 3 4 5 6 7 |  7.8
Short Blades   | 1 2 |  2.3
Spellcasting   | 3 4 |  4.9
Conjurations   | 5 |  5.8
Dodging        | 3 |  3.3
Poison Magic   | 1 2 |  2.1
Air Magic      | 1 2 |  2.0
Fighting       | 1 |  1.0
Translocations | 1 |  1.3
Maces & Flails | |  0.1
Shields        | |  0.3

Action                   |  1- 3 |  4- 6 |  7- 9 || total
-------------------------+-------+-------+-------++-------
Melee: Whip              |     3 |       |       ||     3
       Dagger            |    10 |    31 |     7 ||    48
       Hand axe          |       |     4 |       ||     4
 Cast: Magic Dart        |    14 |       |     1 ||    15
       Searing Ray       |    10 |    35 |    29 ||    74
       Poisonous Vapours |       |       |     2 ||     2
  Use: Scroll            |     5 |     4 |     3 ||    12
       Potion            |       |     1 |     2 ||     3
 Stab: Sleeping          |    12 |    20 |     6 ||    38
Armor: Robe              |     4 |    10 |     7 ||    21
Dodge: Dodged            |     7 |    20 |    35 ||    62
Block: Other             |     1 |     8 |     6 ||    15
